 Dungeon Crawl Stone Soup version 0.30-a0-883-g5ad918d77d (webtiles) character file.

Game seed: 16711108770524533933

789 jasper the Chopper (level 8, -16/67 HPs)
             Began as a Meteoran Fighter on Mar 16, 2023.
             Was an Initiate of Trog.
             Demolished by a catoblepas (29 damage)
             ... on level 1 of the Lair of Beasts.
             The game lasted 00:06:44 (1137 turns).

jasper the Chopper (Meteoran Fighter)               Turns: 1137, Time: 00:06:44

Health: -16/67     AC:  8    Str: 19    XL:     8   Next: 34%
Magic:  9/9        EV: 11    Int: 10    God:    Trog [......]
Gold:   30         SH:  5    Dex: 14    Spells: 7/7 levels left

rFire   . . .      SeeInvis .    d - +2 war axe (drain)
rCold   . . .      Faith    .    c - +0 buckler
rNeg    . . .      Spirit   .    b - +0 scale mail
rPois   .          Reflect  .    (no helmet)
rElec   .          Rampage  .    (no cloak)
rCorr   .                        e - +0 pair of gloves
Will    +....                    (no boots) Stlth
                                 (no amulet)
HPRegen 0.31/turn                (no ring)
MPRegen 0.11/turn                (no ring)

@: glowing
A: sense surroundings 1, otherworldly, glowing, explore regen
a: Renounce Religion


You were on level 1 of the Lair of Beasts.
You worshipped Trog.
Trog was noncommittal.
You visited 2 branches of the dungeon, and saw 9 of its levels.

You collected 127 gold pieces.
You spent 97 gold pieces at shops.

Inventory:

Hand Weapons
 a - a +0 war axe
 d - a +2 war axe of draining (weapon)
Missiles
 g - 7 poisoned darts (quivered)
Armour
 b - a +0 scale mail (worn)
 c - a +0 buckler (worn)
 e - a +0 pair of gloves (worn)
Wands
 h - a wand of mindburst (10)
Scrolls
 i - 3 scrolls of poison
 j - a scroll of blinking


   Skills:
 + Level 4.9 Fighting
 * Level 6.4 Axes
 + Level 5.4 Armour
 + Level 3.8 Dodging
 + Level 5.5 Shields


You had 7 spell levels left.
You didn't know any spells.
Your spell library contained the following spells:

 Spells                   Type           Power      Damage    Failure   Level
 Apportation              Tloc           0%         N/A       80%         1
 Necrotise                Necr           0%         1d4       80%         1
 Summon Small Mammal      Summ           0%         N/A       80%         1


Dungeon Overview and Level Annotations

Branches:
Dungeon (8/15) Zot: 3670     Lair (1/5) D:8 Zot: 539
 Temple: D:4-7

Altars:
Cheibriados
Nemelex Xobeh
Sif Muna
Trog

Shops:
D:7 ?


Innate Abilities, Weirdness & Mutations

You passively map a small area around you.
You are easily found by Zot.
You glow in the dark.
You regain HP and MP as you explore.


Message History

There is a staircase back to the Dungeon here.
Health restored: 67
Found a stone staircase leading down.
You now have enough gold to buy a scroll of identify on D:7.
You can access your shopping list by pressing '$'.
You now have 30 gold pieces (gained 7).
A catoblepas comes into view.
The catoblepas bellows!
A catoblepas is nearby!
The catoblepas breathes a plume of calcifying dust at you.
The blast of calcifying dust hits you but does no damage.
You hit the catoblepas but do no damage.
The catoblepas gores you!
You take 11 damage, and have 56/67 hp.
You hit the catoblepas.
The catoblepas is lightly wounded.
The catoblepas completely misses you.
You barely miss the catoblepas.
The catoblepas is lightly wounded.
The catoblepas gores you but does no damage.
You slash the catoblepas!
The catoblepas is lightly wounded.
The catoblepas gores you!!
You take 27 damage, and have 29/67 hp.
MASSIVE DAMAGE!!
Okay, then.
You slash the catoblepas!
The catoblepas is moderately wounded.
The catoblepas gores you!
* * * LOW HITPOINT WARNING * * *
You take 10 damage, and have 19/67 hp.
You hit the catoblepas but do no damage.
The catoblepas is moderately wounded.
The catoblepas gores you!
* * * LOW HITPOINT WARNING * * *
The catoblepas breathes a plume of calcifying dust at you.
The blast of calcifying dust hits you.
* * * LOW HITPOINT WARNING * * *
You take 8 damage, and have 11/67 hp.
The catoblepas gores you!!
You die...

##.## *#.# ##.##
*#..# * #...####
#...#
##.....####....#
*#......##§...##
#P..##....§....#
,
#...####..§..###
##..#
##..§...#P##, ~
#..# #..@§.......
~
#..#,#...Y###.~..
* *...##.....#
~P~~ ~ * #....#.
~ ♣ , * .......PP
~~~ , .........~~
.........PP~~~ ,
,...#.#.##PPP~♣*~
~ *


You could see a catoblepas.

Vanquished Creatures
  A wyvern (D:7)
  A water moccasin (D:3)
  An ice beast (D:7)
  A scorpion (D:6)
  2 orc priests (D:8)
  2 hounds
  A jelly (D:4)
  A sleepcap (D:5)
  4 orc wizards
  A gnoll (D:4)
  4 adders
  A shadow imp (D:7)
  A white imp (D:6)
  19 orcs
  2 bats
  2 endoplasms (D:1)
  A giant cockroach (D:2)
  4 jackals (D:1)
  A kobold (D:2)
  2 quokkas
  A ball python (D:2)
  2 rats
55 creatures vanquished.

Notes
Turn   | Place    | Note
-------+----------+-------------------------------------------
     0 | D:1      | jasper the Meteoran Fighter began the quest for the Orb.
     0 | D:1      | Reached XP level 1. HP: 19/19 MP: 2/2
    27 | D:1      | Reached XP level 2. HP: 23/26 MP: 3/3
   115 | D:2      | Found a faded altar of an unknown god.
   126 | D:2      | Reached skill level 3 in Axes
   253 | D:2      | Reached XP level 3. HP: 31/31 MP: 4/4
   353 | D:3      | Noticed a water moccasin
   361 | D:3      | Killed a water moccasin
   362 | D:3      | Reached skill level 4 in Axes
   362 | D:3      | Reached XP level 4. HP: 21/40 MP: 5/5
   362 | D:3      | Reached XP level 5. HP: 24/46 MP: 6/6
   581 | D:4      | Reached XP level 6. HP: 47/52 MP: 7/7
   614 | D:5      | Entered Level 5 of the Dungeon
   788 | D:5      | Reached skill level 5 in Axes
   788 | D:5      | Reached XP level 7. HP: 58/59 MP: 8/8
   930 | D:7      | Reached skill level 5 in Armour
   930 | D:7      | Reached skill level 5 in Shields
   959 | D:7      | Noticed a wyvern
   967 | D:7      | Killed a wyvern
   968 | D:7      | Reached skill level 6 in Axes
   968 | D:7      | Reached XP level 8. HP: 43/67 MP: 9/9
  1014 | D:7      | Found Haisenuo's Magic Scroll Shoppe.
  1022 | D:7      | Bought a scroll of blinking for 97 gold pieces
  1033 | D:7      | Found a bloodstained altar of Trog.
  1033 | D:7      | Found a shimmering blue altar of Sif Muna.
  1033 | D:7      | Found a snail-covered altar of Cheibriados.
  1034 | D:7      | Found a sparkling altar of Nemelex Xobeh.
  1038 | D:7      | Became a worshipper of Trog the Wrathful
  1067 | D:8      | Found a staircase to the Lair.
  1078 | Lair:1   | Entered Level 1 of the Lair of Beasts
  1126 | Lair:1   | Noticed a catoblepas
  1137 | Lair:1   | Demolished by a catoblepas

Illustrated notes

Levels and vault maps discovered:
D:1:      dpeg_arrival_shrine, layout_loops_ring, chequers_serial_rivers_room_b,
          kennysheep_pointless_box, hex_large
D:2:      minmay_door_path, layout_rooms, ebering_ecumenical_altar_sacrificial,
          nicolae_concentric_dashed_squares_mild, kennysheep_generic_room_16,
          uniq_crazy_yiuf_cottage, uniq_terence
D:3:      layout_loops_ring, serial_park_tiny_pond, kennysheep_generic_room_8
D:4:      layout_basic, mainiacjoe_overflow_chevrons,
          mainiacjoe_overflow_alcove_4, uniq_eustachio, uniq_pikel
D:5:      layout_gridville, lemuel_temple_firewalk_b, serial_rivers,
          chequers_serial_rivers_room_b, chequers_serial_rivers_small_b,
          chequers_serial_rivers_small_3, chequers_serial_rivers_marsh,
          chequers_serial_rivers_micro_b, chequers_serial_rivers_small_3,
          kennysheep_generic_room_7, uniq_duvessa, uniq_blork_the_orc
D:6:      layout_basic, mainiacjoe_overflow_two_lobes
D:7:      lemuel_slime, layout_cave_pools,
          chequers_temple_overflow_statue_of_worship, serial_shops,
          nicolae_diamond_shop, lemuel_flame_loot_1
D:8:      kennysheep_steamy, layout_loops_ring, tgw_kikubaaqudgha,
          lair_entry_dummy, serial_shops, nicolae_shop_bloodbath_and_beyond
Lair:1:   layout_cave_pods, special_room [special_room_bee],
          chequers_serial_rivers_room_b, serial_bayou_lagoon_a,
          beast_lair_carwin_7

Skill      XL: |  1  2  3  4  5  6  7 |
---------------+----------------------+-----
Axes           | 3 4 5 6 |  6.4
Armour         | 4 5 |  5.4
Dodging        | 2 3 |  3.8
Shields        | 4 5 |  5.5
Fighting       | 4 |  4.9

Action                     |  1- 3 |  4- 6 |  7- 9 || total
---------------------------+-------+-------+-------++-------
  Melee: War axe           |    43 |    48 |    60 ||   151
  Throw: Dart              |       |       |     5 ||     5
    Use: Potion            |     1 |       |     1 ||     2
         Scroll            |       |     3 |     1 ||     4
 Armour: Scale mail        |    54 |    29 |    31 ||   114
  Dodge: Dodged            |    30 |    22 |    25 ||    77
  Block: Buckler           |    27 |    10 |    15 ||    52

Table legend: (Time is in decaauts)
 A = Elapsed time spent in this place.
 B = Non-inter-level travel time spent in this place.
 C = Inter-level travel time spent in this place.
 D = Time resting spent in this place.
 E = Time spent auto-exploring this place.
 F = Levels seen in this place.
 G = Mean time per level.
                   A        B        C        D        E       F      G
               +--------+--------+--------+--------+--------+-----+--------+
         Total |   1189 |   1130 |     59 |      5 |    509 |   9 |  132.1 |
       Dungeon |   1130 |   1071 |     59 |      5 |    464 |   8 |  141.2 |
          Lair |     59 |     59 |      0 |      0 |     45 |   1 |   59.0 |
               +--------+--------+--------+--------+--------+-----+--------+

Top non-repeatable levels by time:
     D:3: 301 daAuts
     D:2: 213 daAuts
     D:7: 176 daAuts
     D:5: 151 daAuts
     D:4: 139 daAuts
     D:1: 71 daAuts
  Lair:1: 59 daAuts
     D:6: 49 daAuts
     D:8: 26 daAuts
